 Dungeon Crawl Stone Soup version 0.28-a0-779-g3d1f99b579 (webtiles) character file.

Game seed: 1434754106285986465

6361 kae the Martial Artist (level 10, -11/86 HPs)
             Began as a White Draconian Transmuter on Nov 2, 2021.
             Was a Believer of Wu Jian.
             Mangled by an orc warrior (14 damage)
             ... on level 9 of the Dungeon.
             The game lasted 00:07:26 (12263 turns).

kae the Martial Artist (DrTm)                      Turns: 12263, Time: 00:07:27

Health: -11/86     AC: 13    Str: 12    XL:     10   Next: 65%
Magic:  19/19      EV: 12    Int: 17    God:    Wu Jian [**....]
Gold:   307        SH:  0    Dex: 12    Spells: 14/22 levels left

rFire   . . .      SeeInvis .     - Unarmed
rCold   + + .      Faith    .   (no shield)
rNeg    . . .      Spirit   .   (armour unavailable)
rPois   .          Reflect  .   (helmet restricted)
rElec   .          Harm     .   (no cloak)
rCorr   .          Rampage  .   z - +2 pair of gloves
Will    +....                   h - +2 pair of boots
Stlth   +.........              (no amulet)
HPRegen 0.24/turn               c - ring of willpower
MPRegen 0.16/turn               a - ring of protection from cold

@: lethally poisoned (-11 -> -19), slowed, very slow
A: breathe frost, AC +7, unfitting armour, cold resistance 1, cold-blooded
a: Breathe Frost, Renounce Religion, Wall Jump


You were on level 9 of the Dungeon.
You worshipped Wu Jian.
Wu Jian was pleased with you.
You visited 1 branch of the dungeon, and saw 9 of its levels.

You collected 617 gold pieces.
You spent 310 gold pieces at shops.

Inventory:

Hand Weapons
 f - a +2 vorpal dagger
Missiles
 l - 3 throwing nets
Armour
 h - a +2 pair of boots (worn)
 z - a +2 pair of gloves (worn)
Jewellery
 a - a ring of protection from cold (right hand)
 c - a ring of willpower (left hand)
 j - an amulet of the acrobat
 x - an amulet of reflection
 D - an amulet of regeneration
Wands
 o - a wand of charming (4)
 q - a wand of flame (21)
 t - a wand of mindburst (11)
 C - a wand of paralysis (8)
Scrolls
 i - a scroll of immolation
 r - 2 scrolls of fear
 u - 6 scrolls of teleportation
 y - 4 scrolls of identify
 A - a scroll of enchant weapon
Potions
 b - 2 potions of lignification
 d - 5 potions of mutation
 e - 3 potions of flight
 g - a potion of resistance
 k - a potion of brilliance
 m - 6 potions of haste
 n - 2 potions of might
 p - a potion of heal wounds
 s - 3 potions of cancellation
 v - a potion of berserk rage
 w - 2 potions of curing
 B - a potion of ambrosia


   Skills:
 + Level 7.4 Fighting
 - Level 1.7 Dodging
 * Level 10.2 Unarmed Combat
 + Level 6.6 Spellcasting
 + Level 7.1 Transmutations
 - Level 6.0 Ice Magic
 - Level 2.0 Poison Magic


You had 14 spell levels left.
You knew the following spells:

 Your Spells              Type           Power      Damage    Failure   Level
a - Beastly Appendage     Tmut           58%        N/A       1%          1
b - Spider Form           Tmut/Pois      21%        N/A       5%          3
c - Ice Form              Ice/Tmut       27%        N/A       9%          4

Your spell library contained the following spells:

 Spells                   Type           Power      Damage    Failure   Level
 Wereblood                Tmut           29%        N/A       1%          2
 Passwall                 Tmut/Erth      14%        N/A       4%          2
 Ignite Poison            Fire/Tmut/Pois 15%        N/A       11%         3
 Sandblast                Erth           10%        2d5       12%         1
 Mephitic Cloud           Conj/Pois/Air  7%         N/A       28%         3
 Conjure Flame            Conj/Fire      5%         6-21      36%         3
 Stone Arrow              Conj/Erth      10%        3d7       36%         3
 Swiftness                Air            5%         N/A       36%         3
 Sticky Flame             Conj/Fire      5%         2d3       77%         4
 Freezing Cloud           Conj/Ice/Air   6%         6-21      83%         5
 Eringya's Noxious Bog    Tmut/Pois      10%        N/A       96%         6
 Summon Forest            Summ/Tloc      2%         N/A       98%         5
 Invisibility             Hex            2%         N/A       100%        6
 Malign Gateway           Summ/Tloc      2%         N/A       100%        7
 Summon Hydra             Summ           2%         N/A       100%        7
 Summon Horrible Things   Summ           2%         N/A       100%        8


Dungeon Overview and Level Annotations

Branches:
Dungeon (9/15)             Temple (0/1) D:6            Lair (0/6) D:8
    Orc: D:9-12

Altars:
Ashenzari
Cheibriados
Elyvilon
Hepliaklqana
Okawaru
Qazlal
Wu Jian
Yredelemnul
Zin

Shops:
D:5 :(?(   D:8 ?


Innate Abilities, Weirdness & Mutations

You can breathe waves of freezing cold which knock back foes.
Your icy white scales are hard. (AC +7)
You cannot fit into any form of body armour.
Your flesh is cold resistant. (rC+)
You are cold-blooded and may be slowed by cold attacks.


Message History

You suddenly lose the ability to move!
The kobold demonologist gestures wildly while chanting.
The hornet stings you.
You feel as though you will be slow longer.
You feel very sick.
The hornet stings you but does no damage.
The yak gores you!
* * * LOW HITPOINT WARNING * * *
* * * LOW HITPOINT WARNING * * *
You feel very sick.
A killer bee comes into view.
The hornet stings you.
* * * LOW HITPOINT WARNING * * *
You feel as though you will be slow longer.
The yak gores you but does no damage. The hornet stings you!
* * * LOW HITPOINT WARNING * * *
You shrug off the repeated paralysis!
You can move again.
Unknown command.
Unknown command.
Unknown command.
Unknown command.
As you read the scroll of fear, it crumbles to dust.
You assume a fearsome visage.
The iron imp looks frightened!
The yak looks frightened!
The ufetubus looks frightened!
The killer bee looks frightened!
The killer bee buzzes angrily.
The orc wizard looks frightened!
The orc warrior looks frightened!
The kobold demonologist looks frightened!
The hornet looks frightened!
* * * LOW HITPOINT WARNING * * *
You feel very sick.
You hear an angry buzzing noise.
A killer bee comes into view.
The orc wizard begs, "Please!
I have a lot of children!"
The orc wizard gestures wildly while chanting.
The orc wizard flickers and vanishes!
Deactivating autopickup; reactivate with Ctrl-A.
The orc warrior hits you with a +3 scimitar!
You die...

#..## #....##..
#...# # ...?...
#..## #$#o##....#
#...# #.oKo.....#
#..#########....#
##..#.#.#K#{{...#
#.......Yyyo5..#
###y###o..5...##
#...@.####### #
#####.# # #.# ##
.## .# . .## #.
..# .. #.# ###


You could see a kobold demonologist (fleeing), a yak (fleeing), a hornet
(fleeing), 2 orc warriors, 2 killer bees, an iron imp (summoned, fleeing) and an
ufetubus (summoned, fleeing).

Vanquished Creatures
  The ghost of Tribosh the Thaumaturge, a novice DECj (D:6)
  A komodo dragon (D:8)
  2 hornets (D:9)
  Sigmund (D:4)
  A wyvern (D:9)
  7 yaks
  Eustachio (D:5)
  A basilisk (D:9)
  2 steam dragons (D:8)
  Edmund (D:3)
  Menkaure (D:5)
  2 orc warriors
  An ice beast (D:6)
  5 ogres
  7 centaurs
  Blork the orc (D:6)
  3 bullfrogs
  7 scorpions
  A water moccasin zombie (D:6)
  2 water moccasin skeletons
  3 wights (D:5)
  3 centaur zombies
  2 bullfrog skeletons
  4 centaur skeletons
  A jelly (D:5)
  5 orc priests
  2 hounds
  3 iguanas
  A gnoll shaman (D:8)
  2 scorpion zombies (D:5)
  6 orc wizards
  3 hound skeletons (D:4)
  2 howler monkey zombies
  A mummy (D:5)
  8 gnolls
  A howler monkey skeleton (D:6)
  5 adders
  An ufetubus (D:4)
  An adder skeleton (D:5)
  3 worms
  A dart slug (D:2)
  21 orcs
  10 ball pythons
  6 bats
  10 endoplasms
  3 giant cockroaches
  7 goblins
  9 hobgoblins
  6 jackals
  3 quokkas
  3 frilled lizards
  6 kobolds
  A kobold zombie (D:5)
  3 orc zombies (D:5)
  4 rats
198 creatures vanquished.

Vanquished Creatures (others)
  An orc (D:8)
  A fungus (D:8)
  14 plants (D:4)
16 creatures vanquished.

Grand Total: 214 creatures vanquished

Notes
Turn   | Place    | Note
-------+----------+-------------------------------------------
     0 | D:1      | kae the Draconian Transmuter began the quest for the Orb.
     0 | D:1      | Reached XP level 1. HP: 16/16 MP: 3/3
   188 | D:1      | Reached XP level 2. HP: 23/23 MP: 5/5
  1650 | D:2      | Reached XP level 3. HP: 27/29 MP: 4/6
  2452 | D:2      | Reached XP level 4. HP: 20/36 MP: 5/7
  2757 | D:2      | Found a faded altar of an unknown god.
  2898 | D:2      | Reached skill level 4 in Unarmed Combat
  3414 | D:3      | Learned a level 3 spell: Spider Form
  3419 | D:3      | Learned a level 4 spell: Ice Form
  3571 | D:3      | Found a hazy altar of Hepliaklqana.
  3721 | D:3      | Noticed a scorpion
  3730 | D:3      | Killed a scorpion
  3731 | D:3      | Reached skill level 1 in Ice Magic
  3731 | D:3      | Reached XP level 5. HP: 26/42 MP: 4/9
  3879 | D:3      | Reached skill level 1 in Poison Magic
  4171 | D:3      | Found a glowing silver altar of Zin.
  4173 | D:3      | Found a basalt altar of Yredelemnul.
  4233 | D:4      | Found a stormy altar of Qazlal.
  4474 | D:4      | Noticed Edmund
  4492 | D:3      | Killed Edmund
  4493 | D:3      | Reached XP level 6. HP: 4/50 MP: 7/10
  4820 | D:4      | Found an iron altar of Okawaru.
  5158 | D:4      | Reached skill level 5 in Unarmed Combat
  6005 | D:5      | Entered Level 5 of the Dungeon
  6005 | D:5      | Noticed Sigmund
  6070 | D:5      | Your scales start taking on an icy white colour.
  6070 | D:5      | Reached XP level 7. HP: 57/57 MP: 7/11
  6070 | D:5      | Gained mutation: Your flesh is cold resistant. (rC+) [White
                  | Draconian growth]
  6667 | D:4      | Killed Sigmund
  6764 | D:5      | Reached XP level 8. HP: 62/66 MP: 10/13
  6822 | D:5      | Noticed Menkaure
  6828 | D:5      | Killed Menkaure
  6829 | D:5      | Reached skill level 6 in Unarmed Combat
  6829 | D:5      | Reached skill level 5 in Ice Magic
  6863 | D:5      | Found a white marble altar of Elyvilon.
  6900 | D:5      | Found Tylo's Antique Weapon Shoppe.
  6908 | D:5      | Identified the +8 hand axe "Ruinkeat" {antimagic, +Blink
                  | rPois Dex+3}
  6908 | D:5      | Noticed Eustachio
  6943 | D:5      | Found Orahant's Magic Scroll Shoppe.
  6953 | D:5      | Killed Eustachio
  7044 | D:5      | Bought a scroll of identify for 30 gold pieces
  7044 | D:5      | Bought a scroll of identify for 30 gold pieces
  7044 | D:5      | Bought a scroll of identify for 30 gold pieces
  7044 | D:5      | Bought a scroll of fear for 52 gold pieces
  7168 | D:5      | Found Vuaff's Antique Weapon Boutique.
  7370 | D:5      | Found Pushroro's Book Shoppe.
  7863 | D:6      | Reached skill level 7 in Unarmed Combat
  7953 | D:6      | Found an ornate altar of the Wu Jian Council.
  7962 | D:6      | Reached XP level 9. HP: 73/73 MP: 11/15
  7966 | D:6      | Became a worshipper of the Wu Jian Council
  8005 | D:6      | Found a runed translucent door.
  8018 | D:6      | Noticed Tribosh's ghost (novice DECj)
  8089 | D:6      | Reached skill level 5 in Fighting
  8117 | D:6      | Noticed Blork the orc
  8124 | D:6      | Killed Blork the orc
  8125 | D:6      | Reached skill level 5 in Transmutations
  8198 | D:6      | Found a broken altar of Ashenzari.
  8311 | D:6      | Found a staircase to the Ecumenical Temple.
  8664 | D:6      | Killed Tribosh's ghost
  8665 | D:6      | Reached skill level 5 in Spellcasting
  8874 | D:7      | Reached skill level 8 in Unarmed Combat
  9916 | D:8      | Reached * piety under Wu Jian
 10039 | D:8      | Noticed a komodo dragon
 10046 | D:8      | Killed a komodo dragon
 10047 | D:8      | Reached skill level 9 in Unarmed Combat
 10047 | D:8      | Reached XP level 10. HP: 61/84 MP: 14/18
 10334 | D:8      | Found a staircase to the Lair.
 10801 | D:8      | Found Ynnilas's Magic Scroll Boutique.
 10990 | D:8      | Bought a scroll of identify for 28 gold pieces
 10990 | D:8      | Bought a scroll of identify for 28 gold pieces
 10990 | D:8      | Bought a scroll of identify for 28 gold pieces
 10990 | D:8      | Bought a scroll of identify for 28 gold pieces
 10990 | D:8      | Bought a scroll of identify for 28 gold pieces
 10990 | D:8      | Bought a scroll of identify for 28 gold pieces
 11127 | D:9      | Paralysed by a hornet for 1 turns
 11416 | D:9      | Found a snail-covered altar of Cheibriados.
 11522 | D:8      | Reached skill level 10 in Unarmed Combat
 11803 | D:9      | Reached ** piety under Wu Jian
 12260 | D:9      | Paralysed by a hornet for 3 turns
 12263 | D:9      | HP: 3/86 [poisoned by a hornet]
 12263 | D:9      | Mangled by an orc warrior

Illustrated notes

Levels and vault maps discovered:
D:1:      dpeg_arrival_lava_temple_mockup, layout_loops_corners
D:2:      wad_river_or_something, layout_loops_cross,
          chequers_ecumenical_altar_twisty, hangedman_abyss_or_decor_stabs,
          minmay_cupped
D:3:      layout_loops_ring, lemuel_crystal_altar,
          nicolae_overflow_hidden_temple, serial_bayou_pond_e
D:4:      layout_basic, mainiacjoe_overflow_brackets,
          mainiacjoe_overflow_small_starburst, serial_bayou,
          serial_bayou_pond_c, serial_bayou_crossing, serial_bayou_shore_b,
          serial_bayou_pond_b, serial_bayou_shore_a, serial_bayou_lake_a,
          uniq_edmund
D:5:      layout_cave_pools, nicolae_overflow_crystal_walls, serial_shops,
          shop_statue, nicolae_square_shop, nicolae_shop_overgrown_old_shop,
          nicolae_lakefront_shop, minmay_misc_feat_cross, grunt_ministairs_2,
          minmay_mini_ossuary, uniq_eustachio, uniq_sigmund, uniq_menkaure
D:6:      layout_rooms, nicolae_wu_jian_wuxing_cycle,
          cheibrodos_ashenzari_chains, minmay_temple_entry_butterflies,
          hellmonk_ghost_happy_afterlife, kennysheep_dice, uniq_blork_the_orc
D:7:      layout_rooms, minivault_24
D:8:      layout_basic, grunt_lair_entry_orc_guard_hut, serial_shops, shop,
          abandoned_shop, minmay_diced_spiral
D:9:      layout_cave_pods, mainiacjoe_overflow_paths, grunt_ogre_cave,
          onia_ninara_cookie

Skill      XL: |  1  2  3  4  5  6  7  8  9 10 |
---------------+-------------------------------+-----
Fighting       | 2 3 4 6 7 |  7.4
Unarmed Combat | 4 5 7 9 10 | 10.2
Ice Magic      | 1 3 4 6 |  6.0
Poison Magic   | 1 2 |  2.0
Spellcasting   | 3 4 5 6 |  6.6
Transmutations | 3 4 6 7 |  7.1
Dodging        | |  1.7

Action                   |  1- 3 |  4- 6 |  7- 9 | 10-12 || total
-------------------------+-------+-------+-------+-------++-------
Melee: Unarmed           |    62 |    49 |   258 |   107 ||   476
       Kick              |    14 |    10 |       |       ||    24
       Headbutt          |    10 |     4 |       |       ||    14
       Tailslap          |     9 |     5 |     3 |     2 ||    19
       Dagger            |    46 |    96 |       |       ||   142
       Punch             |       |     1 |       |       ||     1
 Cast: Beastly Appendage |    23 |    13 |       |       ||    36
       Spider Form       |       |    12 |     6 |       ||    18
       Ice Form          |       |       |    26 |    12 ||    38
Invok: Lunge             |       |       |    11 |     5 ||    16
       Whirlwind         |       |       |       |     3 ||     3
 Abil: Breathe Frost     |       |       |       |     1 ||     1
  Use: Scroll            |     2 |     7 |     8 |     5 ||    22
       Potion            |       |     1 |       |       ||     1
 Stab: Sleeping          |     1 |       |       |       ||     1
Armor: Skin              |    32 |    38 |    68 |    67 ||   205
Dodge: Dodged            |    80 |   122 |   174 |    86 ||   462

Table legend: (Time is in decaauts)
 A = Elapsed time spent in this place.
 B = Non-inter-level travel time spent in this place.
 C = Inter-level travel time spent in this place.
 D = Time resting spent in this place.
 E = Time spent auto-exploring this place.
 F = Levels seen in this place.
 G = Mean time per level.
                   A        B        C        D        E       F      G
               +--------+--------+--------+--------+--------+-----+--------+
         Total |  12310 |  11996 |    314 |    947 |   9477 |   9 | 1367.8 |
       Dungeon |  12310 |  11996 |    314 |    947 |   9477 |   9 | 1367.8 |
               +--------+--------+--------+--------+--------+-----+--------+

Top non-repeatable levels by time:
     D:4: 2135 daAuts
     D:2: 1931 daAuts
     D:8: 1763 daAuts
     D:1: 1379 daAuts
     D:5: 1261 daAuts
     D:3: 1216 daAuts
     D:9: 957 daAuts
     D:6: 951 daAuts
     D:7: 715 daAuts
